AoeStats
← lyonnais--86

Arabia

510429987Analyzed
4v4 RM · 16h ago on Oct 1, 2026· 34m 43s· 8 players
Game mode
Random Map
Map size
Large (8 player)
Population
200
Speed
Normal
Resources
Standard
Victory
Conquest
Starting age
Dark Age
Ending age
Imperial Age
RankedLock teamsTeams togetherTeam positionsShared explorationLock speedFull tech treeHidden civsTurbo modeCheats
Victory
Defeat
🇹🇼 Vikings · Taiwan
1057
+14
🇵🇪 Khmer · Peru
1034
+15
🇨🇱 Wu · Chile
1001
+16
🇧🇷 Saxons · Brazil
978
+17
🇬🇧 Lithuanians · United Kingdom
1053
-17
🇫🇷 Ethiopians · France
1002
-15
🇵🇱 Varangians · Poland
1000
-15
🇫🇷 Danes · France
998
-15
lyonnais--86
6:26 Loom
9:24 Feudal Age
24:16 Horse Collar
26:11 Wheelbarrow
25:39 Fletching
razors-38i
11:19 Feudal Age
15:17 Castle Age
14:16 Scale Mail Armor
14:23 Double-Bit Axe
15:24 Horse Collar
17:44 Chain Mail Armor
28:32 Gambesons
28:43 Arson
KoryT
6:42 Loom
10:12 Feudal Age
10:38 Double-Bit Axe
13:37 Scale Barding Armor
14:26 Forging
15:07 Bloodlines
17:52 Gold Mining
21:48 Castle Age
20:36 Horse Collar
23:00 Husbandry
26:26 Chain Barding Armor
28:43 Iron Casting
31:35 Wheelbarrow
Jester
10:10 Feudal Age
14:52 Castle Age
12:45 Loom
15:44 Castle Age
13:35 Double-Bit Axe
15:36 Wheelbarrow
17:10 Bow Saw
20:24 Husbandry
22:11 Scale Barding Armor
23:00 Bloodlines
23:34 Horse Collar
24:04 Gold Mining
26:14 Chain Barding Armor
28:44 Forging
30:31 Iron Casting
FeniksOfTomb
9:13 Feudal Age
7:56 Loom
10:30 Double-Bit Axe
12:55 Fletching
13:52 Horse Collar
22:28 Castle Age
22:56 Gold Mining
22:35 Crossbowman
25:09 Padded Archer Armor
25:54 Thumb Ring
27:44 Leather Archer Armor
28:53 Bow Saw
29:01 Bodkin Arrow
32:26 Heavy Plow
36:11 Imperial Age
ඞ BatiCapibara
7:43 Loom
10:25 Feudal Age
8:44 Loom
13:36 Castle Age
12:26 Double-Bit Axe
17:02 Horse Collar
19:56 Wheelbarrow
21:05 Heavy Plow
22:09 Bow Saw
24:53 Husbandry
24:57 Town Watch
26:00 Hand Cart
26:24 Hand Cart
31:12 Imperial Age
29:24 Town Patrol
30:35 Bloodlines
31:02 Fletching
31:15 Gold Mining
31:16 Stone Mining
32:02 Forging
31:20 Light Cavalry
32:08 Bodkin Arrow
34:25 Scale Mail Armor
33:47 Pikeman
35:31 Stone Shaft Mining
34:18 Elite Ballista Elephant
35:04 Bracer
セバスティアン
3:36 Loom
7:33 Loom
10:10 Feudal Age
17:03 Castle Age
16:18 Double-Bit Axe
18:09 Bow Saw
23:13 Husbandry
25:55 Horse Collar
28:05 Scale Barding Armor
29:52 Chain Barding Armor
30:22 Forging
31:11 Bloodlines
32:18 Gold Mining
33:52 Iron Casting
山~~林~~涼
4:06 Loom
7:40 Loom
9:45 Feudal Age
13:09 Fletching
16:32 Double-Bit Axe
16:30 Horse Collar
17:37 Town Watch
24:28 Castle Age
23:35 Padded Archer Armor
24:53 Scale Mail Armor
25:05 Bodkin Arrow
25:26 Leather Archer Armor
25:37 Crossbowman
26:28 Bow Saw
26:21 Gold Mining
27:18 Pikeman
28:01 Squires
33:38 Heavy Plow
35:41 Ballistics
Connection lost

Rejoining the realm…

Still unreachable

The connection could not be restored.

Session expired

The server has moved on; the page needs a fresh start.